 Dungeon Crawl Stone Soup version 0.31.0-12-g77e489cdc1 (webtiles) character file.

Game seed: 5135782274896427759

463 PaiMei the Grave Robber (level 6, -1/41 HPs)
             Began as a Demonspawn Necromancer on Feb 26, 2024.
             Slain by a lemure (3 damage)
             ... led by Pikel
             ... on level 5 of the Dungeon.
             The game lasted 00:05:39 (3876 turns).

PaiMei the Grave Robber (Demonspawn Necromancer)    Turns: 3876, Time: 00:05:39

Health: -1/41      AC:  7    Str:  8    XL:     6   Next: 79%
Magic:  11/11      EV: 13    Int: 17    God:
Gold:   135        SH:  4    Dex: 14    Spells: 8/12 levels left

rFire   . . .        r - +2 flail (protect)
rCold   . . .        (no shield)
rNeg    + . .        a - +0 robe
rPois   .            (helmet restricted)
rElec   .            (no cloak)
rCorr   .            z - +0 pair of gloves
SInv    .            (no boots)
Will    .....        (no amulet)
Stlth   +++          l - ring of positive energy
HPRegen 0.26/turn    m - +4 ring of protection
MPRegen 0.12/turn

%: no passive effects
@: no status effects
A: antennae 1, powered by death 2, condensation shield
a: no special abilities


You were on level 5 of the Dungeon.
You visited 1 branch of the dungeon, and saw 6 of its levels.

You collected 135 gold pieces.

Inventory:

Hand Weapons
 c - a +0 falchion
 r - a +2 flail of protection (weapon)
 w - a +2 falchion of freezing
Missiles
 i - 5 poisoned darts (quivered)
 n - 2 throwing nets
Armour
 a - a +0 robe (worn)
 j - a +0 helmet
 z - a +0 pair of gloves (worn)
 A - an orb of light
Jewellery
 e - a ring of ice
 l - a ring of positive energy (left hand)
 m - a +4 ring of protection (right hand)
Scrolls
 g - a scroll of teleportation {unknown}
 h - a scroll of immolation {unknown}
 o - a scroll of vulnerability {unknown}
 p - 2 scrolls of identify {unknown}
 u - a scroll of fear {unknown}
 y - a scroll of brand weapon {unknown}
 C - a scroll of silence {unknown}
 D - a scroll of revelation {unknown}
Potions
 b - 5 potions of magic
 d - a potion of lignification {unknown}
 f - a potion of attraction {unknown}
 k - a potion of cancellation {unknown}
 q - a potion of curing {unknown}
 s - a potion of mutation {unknown}
 t - a potion of resistance {unknown}
 v - a potion of haste {unknown}
 x - a potion of invisibility {unknown}
 B - a potion of degeneration {unknown}


   Skills:
 + Level 3.6 Dodging
 + Level 3.9 Stealth
 + Level 3.7 Spellcasting
 + Level 5.9 Necromancy


You had 8 spell levels left.
You knew the following spells:

 Your Spells              Type           Power      Damage    Failure   Level
a - Necrotise             Necr           92%        1d8       1%          1
b - Vampiric Draining     Necr           23%        2d7       4%          3

Your spell library contained the following spells:

 Spells                   Type           Power      Damage    Failure   Level
 Animate Dead             Necr           23%        N/A       14%         4
 Curse of Agony           Necr           23%        N/A       36%         5
 Passage of Golubria      Tloc           3%         N/A       85%         4
 Silence                  Hex/Air        1%         N/A       99%         5
 Lehudib's Crystal Spear  Conj/Erth      1%         10d2      100%        8


Dungeon Overview and Level Annotations

Branches:
Dungeon (6/15)
 Temple: D:4-7

Altars:

Annotations:
D:5 Pikel, Prince Ribbit


Innate Abilities, Weirdness & Mutations

You have a pair of small antennae on your head.
You regenerate health from kills.
A meltable shield of frost defends you. (SH +4)


Message History

You barely miss the lemure.
The lemure is heavily wounded.
The lemure misses you.
You hit the lemure but do no damage.
Your weapon exudes an aura of protection.
The lemure is heavily wounded.
The lemure hits you but does no damage.
You thump the lemure!
The lemure is almost dead.
You block the lemure's attack. The lemure closely misses you.
You sock the lemure!
You kill the lemure!
That felt strangely unrewarding.
You start resting.
HP restored.
You start waiting.
Done waiting.
There is a stone staircase leading down here.
You climb downwards.
Level annotation: Pikel, Prince Ribbit Pikel barely misses you.
The lemure misses you. Pikel misses you. The lemure hits you.
There is a stone staircase leading up here.
You hit Pikel.
Your weapon exudes an aura of protection.
Pikel is lightly wounded.
Pikel hits you but does no damage. The lemure hits you but does no damage.
You barely miss Pikel.
Pikel is lightly wounded.
You block Pikel's attack. The lemure hits you.
Pikel hits you with a +0 whip of electrocution.
You are electrocuted!
You closely miss Pikel.
Pikel is lightly wounded.
The lemure closely misses you.
Pikel hits you with a +0 whip of electrocution!
You are electrocuted!
* * * LOW HITPOINT WARNING * * *
The lemure hits you.
You die...

###..####.##############
#########.#..#.##...#..#####
.......#............#......#
.......#............#......#
.......#............#......#
.......#............#......#
.......#............#......#
.......#.......5.K..#.>....#
'##...###...####@...####'###
.##...####### ####'#####...#
........... #............#
..........F #............#
........... #............#
........... #............#
........... #....PPP.....#
........... #...~P~~~....#
.###..##... ###P~♣~~~P~..#


You could see Pikel and a lemure.

Vanquished Creatures
  A lemure (D:4)
  A scorpion (D:5)
  A bombardier beetle (D:3)
  2 hounds (D:5)
  Jessica (D:2)
  Terence (D:2)
  2 iguanas (D:5)
  2 orc wizards (D:5)
  4 gnolls
  6 adders
  A ribbon worm (D:5)
  10 orcs
  4 ball pythons
  3 bats
  8 endoplasms
  6 goblins
  3 hobgoblins
  4 kobolds
  2 quokkas
  4 frilled lizards
  6 rats
72 creatures vanquished.

Vanquished Creatures (collateral kills)
  A goblin (D:2)
1 creature vanquished.

Grand Total: 73 creatures vanquished

Notes
Turn   | Place    | Note
-------+----------+-------------------------------------------
     0 | D:1      | PaiMei the Demonspawn Necromancer began the quest for the
                  | Orb.
     0 | D:1      | Reached XP level 1. HP: 13/13 MP: 3/3
   179 | D:1      | Gained mutation: You regenerate a little health from kills.
                  | [demonic ancestry]
   179 | D:1      | Reached XP level 2. HP: 15/19 MP: 0/5
  1190 | D:2      | Noticed Jessica
  1197 | D:2      | Killed Jessica
  1198 | D:2      | Gained mutation: A meltable shield of frost defends you.
                  | (SH +4) [demonic ancestry]
  1198 | D:2      | Reached XP level 3. HP: 24/24 MP: 0/6
  1202 | D:2      | Learned a level 3 spell: Vampiric Draining
  1417 | D:2      | Noticed Terence
  1426 | D:2      | Killed Terence
  1427 | D:2      | Reached skill level 5 in Necromancy
  1427 | D:2      | Reached XP level 4. HP: 30/30 MP: 0/8
  2320 | D:3      | Gained mutation: You regenerate health from kills. [demonic
                  | ancestry]
  2320 | D:3      | Reached XP level 5. HP: 35/35 MP: 4/9
  3117 | D:3      | You fall into a shaft and drop 3 floors!
  3138 | D:6      | Noticed a phantom
  3138 | D:6      | Noticed an orc warrior
  3151 | D:5      | Entered Level 5 of the Dungeon
  3246 | D:5      | Gained mutation: You have a pair of small antennae on your
                  | head. [demonic ancestry]
  3246 | D:5      | Reached XP level 6. HP: 41/41 MP: 3/10
  3647 | D:5      | Noticed Prince Ribbit
  3670 | D:5      | Noticed Pikel
  3876 | D:5      | HP: 2/41 [Pikel/+0 whip of electrocution (13)]
  3876 | D:5      | Slain by a lemure

Illustrated notes

Levels and vault maps discovered:
D:1:      tarquinn_simple_flora_water_b, layout_basic
D:2:      layout_basic, nicolae_concentric_dashed_squares_wild,
          serial_bayou_pond_a, uniq_terence, uniq_jessica
D:3:      wander_river, layout_basic, nicolae_dithmenos_through_a_glass_darkly
D:4:      layout_layer_cave, uniq_grinder, uniq_blork_the_orc
D:5:      layout_gridville, serial_bayou, serial_bayou_pond_d,
          serial_bayou_pond_c, serial_bayou_shore_a, serial_bayou_lagoon_a,
          minmay_shop_damaged, kennysheep_generic_room_5, uniq_prince_ribbit1,
          uniq_pikel
D:6:      layout_basic

Skill      XL: |  1  2  3  4  5 |
---------------+----------------+-----
Stealth        | 2 3 |  3.9
Dodging        | 2 3 |  3.6
Necromancy     | 5 |  5.9
Spellcasting   | 3 |  3.7

Action                     |  1- 3 |  4- 6 || total
---------------------------+-------+-------++-------
  Melee: Falchion          |     5 |     5 ||    10
         Flail             |       |    50 ||    50
   Cast: Necrotise         |    44 |    98 ||   142
         Vampiric Draining |       |     2 ||     2
   Stab: Distracted        |       |     1 ||     1
 Armour: Robe              |    11 |    65 ||    76
  Dodge: Dodged            |    10 |    54 ||    64
  Block: Other             |       |    16 ||    16
